 Dungeon Crawl Stone Soup version 0.30-a0-793-g160f7cfddd (webtiles) character file.

Game seed: 15205085206751268536

179 Mickster the Chopper (level 5, -4/47 HPs)
             Began as a Hill Orc Fighter on Feb 19, 2023.
             Slain by an iguana (6 damage)
             ... on level 4 of the Dungeon.
             The game lasted 00:31:03 (2612 turns).

Mickster the Chopper (Hill Orc Fighter)             Turns: 2612, Time: 00:31:04

Health: -4/47      AC:  9    Str: 19    XL:     5   Next: 59%
Magic:  5/5        EV:  7    Int:  8    God:
Gold:   151        SH:  5    Dex: 12    Spells: 3/4 levels left

rFire   . . .      SeeInvis .    l - +0 dagger (speed)
rCold   . . .      Faith    .    c - +0 buckler
rNeg    . . .      Spirit   .    h - +0 chain mail
rPois   .          Reflect  .    (no helmet)
rElec   .          Harm     .    (no cloak)
rCorr   .          Rampage  .    (no gloves)
Will    .....                    (no boots) Stlth
                                 (no amulet)
HPRegen 0.27/turn                (no ring)
MPRegen 0.09/turn                (no ring)

@: mighty
A: no striking features
a: no special abilities


You were on level 4 of the Dungeon.
You visited 1 branch of the dungeon, and saw 4 of its levels.

You collected 196 gold pieces.
You spent 45 gold pieces at shops.

Inventory:

Hand Weapons
 a - a +0 war axe
 l - a +0 dagger of speed (weapon)
 m - a +1 sling of flaming
 o - a +0 spear
Missiles
 e - 18 stones
 n - 5 atropa-tipped darts (quivered)
Armour
 c - a +0 buckler (worn)
 h - a +0 chain mail (worn)
 j - the +1 ring mail of Kleptomania {+Blink}
   (You found it on level 3 of the Dungeon)

   +Blink:    It lets you blink.
Scrolls
 b - 3 scrolls of identify
 g - 3 scrolls of teleportation
Potions
 f - a potion of brilliance
 i - a potion of magic
 k - a potion of berserk rage {unknown}


   Skills:
 + Level 4.3 Fighting
 * Level 5.3 Axes
 - Level 0.5 Ranged Weapons
 + Level 4.3 Armour
 + Level 3.8 Shields


You had 3 spell levels left.
You knew the following spells:

 Your Spells              Type           Power      Damage    Failure   Level
a - Shock                 Conj/Air       0%         1d3       99%         1

Your spell library contained the following spells:

 Spells                   Type           Power      Damage    Failure   Level
 Swiftness                Air            0%         N/A       100%        3
 Airstrike                Air            0%         2d(0-16)  100%        4


Dungeon Overview and Level Annotations

Branches:
Dungeon (4/15)
 Temple: D:4-7

Altars:

Shops:
D:1 (


Message History

There is a stone staircase leading up here.
The iguana closely misses you.
You hit the iguana.
The iguana is lightly wounded.
The iguana bites you but does no damage.
You hit the iguana but do no damage.
The iguana is lightly wounded.
The iguana bites you.
You hit the iguana.
The iguana is lightly wounded.
The iguana bites you.
You hit the iguana but do no damage.
The iguana is lightly wounded.
The iguana bites you! x2
You hit the iguana but do no damage.
The iguana is lightly wounded.
The iguana bites you!
* * * LOW HITPOINT WARNING * * *
You closely miss the iguana.
The iguana is lightly wounded.
The iguana bites you.
* * * LOW HITPOINT WARNING * * *
You hit the iguana.
The iguana is moderately wounded.
The iguana closely misses you. The iguana bites you.
* * * LOW HITPOINT WARNING * * *
Your hands tingle!
l - a +0 dagger of speed (weapon)
You feel very mighty all of a sudden. You block the iguana's attack.
You closely miss the iguana.
The iguana is moderately wounded.
The iguana bites you.
* * * LOW HITPOINT WARNING * * *
You barely miss the iguana.
The iguana is moderately wounded.
You hit the iguana.
The iguana is severely wounded.
The iguana bites you.
You die...

### #...
#.... #.....
#......
#####.#>....
#...<.......
#.l@......<.
#.......##..
#......?....
#.......###.
#.......#
#.........
###########


You could see an iguana.

Vanquished Creatures
  Natasha (thrice) (D:2)
  4 gnolls (D:2)
  An adder (D:3)
  2 dart slugs (D:1)
  6 endoplasms
  2 giant cockroaches (D:1)
  5 goblins
  5 hobgoblins
  6 jackals
  4 kobolds
  2 quokkas (D:2)
  4 ball pythons
  3 bats
  2 frilled lizards
  A rat (D:1)
50 creatures vanquished.

Notes
Turn   | Place    | Note
-------+----------+-------------------------------------------
     0 | D:1      | Mickster the Hill Orc Fighter began the quest for the Orb.
     0 | D:1      | Reached XP level 1. HP: 19/19 MP: 1/1
   321 | D:1      | Reached XP level 2. HP: 25/27 MP: 2/2
   458 | D:1      | Found Yfam's Weapon Emporium.
   493 | D:1      | Reached skill level 3 in Axes
   988 | D:1      | Reached XP level 3. HP: 33/33 MP: 3/3
  1220 | D:2      | Noticed Natasha
  1229 | D:2      | Killed Natasha
  1249 | D:2      | Reached XP level 4. HP: 39/40 MP: 4/4
  1416 | D:2      | Noticed Natasha
  1423 | D:2      | Killed Natasha
  1424 | D:2      | Reached skill level 4 in Axes
  1517 | D:2      | Noticed Natasha
  1535 | D:2      | Killed Natasha
  1536 | D:2      | Reached XP level 5. HP: 10/47 MP: 5/5
  2004 | D:3      | Identified the +1 ring mail of Kleptomania {+Blink}
  2096 | D:3      | Learned a level 1 spell: Shock
  2204 | D:3      | Reached skill level 5 in Axes
  2471 | D:1      | Bought 5 atropa-tipped darts for 45 gold pieces
  2610 | D:4      | HP: 1/47 [iguana (2)]
  2612 | D:4      | Slain by an iguana

Illustrated notes

Levels and vault maps discovered:
D:1:      grunt_arrival_lava_bath, layout_basic, serial_shops,
          nicolae_square_shop
D:2:      layout_basic, uniq_natasha
D:3:      layout_loops_ring, nzn_wu_jian_contemplation,
          dreamdust_ecumenical_altar_sealed_demon, kennysheep_generic_room_11
D:4:      layout_loops_cross, minmay_temple_entry_enclosed_plants,
          kennysheep_small_spiral, chequers_serial_rivers_small_b, uniq_duvessa

Skill      XL: |  1  2  3  4  5 |
---------------+----------------+-----
Axes           | 3 4 5 |  5.3
Fighting       | 4 |  4.3
Armour         | 4 |  4.3
Ranged Weapons | |  0.5
Shields        | |  3.8

Action                     |  1- 3 |  4- 6 || total
---------------------------+-------+-------++-------
  Melee: War axe           |    68 |    62 ||   130
         Dagger            |       |     3 ||     3
   Fire: Sling             |       |    22 ||    22
  Throw: Dart              |       |     5 ||     5
    Use: Scroll            |     3 |       ||     3
         Potion            |     3 |     1 ||     4
 Armour: Scale mail        |    16 |       ||    16
         Chain mail        |    31 |    51 ||    82
         Ring mail         |       |    11 ||    11
  Dodge: Dodged            |    31 |    29 ||    60
  Block: Buckler           |    20 |    19 ||    39

Table legend: (Time is in decaauts)
 A = Elapsed time spent in this place.
 B = Non-inter-level travel time spent in this place.
 C = Inter-level travel time spent in this place.
 D = Time resting spent in this place.
 E = Time spent auto-exploring this place.
 F = Levels seen in this place.
 G = Mean time per level.
                   A        B        C        D        E       F      G
               +--------+--------+--------+--------+--------+-----+--------+
         Total |   2707 |   2551 |    156 |    623 |      0 |   4 |  676.8 |
       Dungeon |   2707 |   2551 |    156 |    623 |      0 |   4 |  676.8 |
               +--------+--------+--------+--------+--------+-----+--------+

Top non-repeatable levels by time:
     D:2: 1171 daAuts
     D:1: 1113 daAuts
     D:3: 407 daAuts
     D:4: 14 daAuts
